 Dungeon Crawl Stone Soup version 0.21-a0-207-g4a9efaf (webtiles) character file.

44831 Jeffwins the Geomancer (level 14, -4/88 HPs)
             Began as an Octopode Earth Elementalist on Aug 19, 2017.
             Was a High Priest of Sif Muna.
             Slain by a death yak (19 damage)
             ... led by a torpor snail
             ... on level 5 of the Lair of Beasts on Aug 20, 2017.
             The game lasted 01:23:08 (25658 turns).

Jeffwins the Geomancer (OpEE)                      Turns: 25658, Time: 01:23:08

Health: -4/88      AC:  3    Str: 10    XL:     14   Next: 30%
Magic:  24/53      EV: 16    Int: 22    God:    Sif Muna [*****.]
Gold:   978        SH:  5    Dex: 13    Spells: 5/30 levels left

rFire    . . .     SeeInvis +   R - +3 short sword (speed)
rCold    + . .     Gourm    +   M - +0 buckler
rNeg     . . .     Faith    .   (helmet restricted)
rPois    .         Spirit   .   I - amulet of the gourmand
rElec    .         Reflect  .   q - ring of magical power
rCorr    .         Harm     .   y - +3 ring of strength
MR       +....                  D - ring of see invisible
Stlth    +++++.....             J - ring of protection from cold
HPRegen  0.24/turn              h - +2 ring of protection
MPRegen  0.33/turn              L - ring of magical power
                                l - ring of magical power
                                (no ring)

@: no status effects
A: almost no armour, stealthy swim, amphibious, 8 rings, constrict 8, camouflage
1, gelatinous body 1
a: Divine Energy, Channel Magic, Forget Spell, Renounce Religion


You were on level 5 of the Lair of Beasts.
You worshipped Sif Muna.
Sif Muna was extremely pleased with you.
You were very full.

You visited 3 branches of the dungeon, and saw 19 of its levels.
You also visited: Ice Cave.

You collected 978 gold pieces.

Inventory:

Hand Weapons
 R - a +3 short sword of speed (weapon)
Missiles
 b - 318 stones (quivered)
Armour
 M - a +0 buckler (worn)
 V - a +2 shield of reflection
Jewellery
 h - a +2 ring of protection (on tentacle)
 l - a ring of magical power (on tentacle)
 q - a ring of magical power (left tentacle)
 y - a +3 ring of strength (right tentacle)
 D - a ring of see invisible (on tentacle)
 I - an amulet of the gourmand (around mantle)
 J - a ring of protection from cold (on tentacle)
 L - a ring of magical power (on tentacle)
 T - an uncursed ring of fire
Wands
 c - a wand of lightning (4/15)
 e - a wand of random effects (27/48)
 n - a wand of iceblast (9/15)
 t - a wand of digging (1/24)
 v - a wand of flame (18/48)
 G - a wand of paralysis (17/24)
Scrolls
 a - 4 scrolls of blinking
 g - 4 scrolls of fear
 k - 2 scrolls of fog
 m - 6 scrolls of remove curse
 p - a scroll of brand weapon {unknown}
 s - 4 scrolls of teleportation
 u - a scroll of enchant weapon
 O - 6 scrolls of identify
 Q - 3 scrolls of magic mapping
Potions
 j - a potion of magic
 o - 5 potions of haste
 w - 4 potions of heal wounds
 B - a potion of might
 E - 4 potions of agility
 Y - 2 potions of brilliance
Books
 r - Sif Muna's Almanac of the Mutagenic Snowflakes
   (Sif Muna gifted it to you on level 5 of the Lair of Beasts)

   Spells                             Type                      Level
   a - Beastly Appendage              Transmutation                1
   b - Sticks to Snakes               Transmutation                2
   c - Yara's Violent Unravelling     Hexes/Transmutation          5
   d - Ozocubu's Refrigeration        Ice                          6
   e - Hydra Form                     Transmutation                6
   f - Statue Form                    Transmutation/Earth          6
   g - Necromutation                  Transmutation/Necromancy     8
Miscellaneous
 d - a phial of floods
Comestibles
 f - 2 bread rations
 i - 10 meat rations


   Skills:
 + Level 5.2 Fighting
 + Level 5.1 Short Blades
 + Level 6.3 Dodging
 - Level 8.0 Stealth
 + Level 5.5 Shields
 + Level 8.8 Spellcasting
 + Level 8.2 Conjurations
 - Level 4.1 Necromancy
 - Level 3.6 Translocations
 + Level 8.3 Transmutations
 + Level 2.2 Fire Magic
 * Level 12.3 Earth Magic
 + Level 6.0 Invocations
 + Level 5.3 Evocations


You had 5 spell levels left.
You knew the following spells:

 Your Spells              Type           Power        Failure   Level  Hunger
a - Sandblast             Erth           ######       1%          1    None
b - Stone Arrow           Conj/Erth      ######       1%          3    None
c - Lee's Rapid Deconstr  Erth           ######....   1%          5    #####..
d - Petrify               Tmut/Erth      ######..     1%          4    ##.....
e - Blink                 Tloc           N/A          2%          2    None
f - Animate Dead          Necr           N/A          12%         4    ##.....
g - Bolt of Fire          Conj/Fire      ####......   77%         6    ######.


Dungeon Overview and Level Annotations

Branches:
Dungeon (13/15)            Temple (1/1) D:7            Lair (5/6) D:11
 Shoals (0/4) Lair:2        Snake (0/4) Lair:4          Orc (0/2) D:10
  Slime: Lair:5-6    Vaults: D:13-14

Altars:
Ashenzari
Cheibriados
Dithmenos
Elyvilon
Fedhas
Gozag
Hepliaklqana
Kikubaaqudgha
Makhleb
Nemelex Xobeh
Okawaru
Qazlal
Ru
Sif Muna
Trog
Uskayaw
Vehumet
Wu Jian
Xom
Yredelemnul
Zin
The Shining One

Shops:
D:10 %


Innate Abilities, Weirdness & Mutations

You cannot wear most types of armour.
You are very stealthy in the water. (Stealth+)
You are amphibious.
You can wear up to eight rings at the same time.
You can use your tentacles to constrict eight enemies at once.
Your skin changes colour to match your surroundings (Stealth+).
Your rubbery body absorbs attacks. (AC +1, EV +1)


Message History

The death yak is moderately wounded.
The death yak gores you!
Casting: Stone Arrow
Confirm with . or Enter, or press ? or * to list all spells.
Aiming: Stone Arrow
Press: ? - help, Shift-Dir - straight line, f/p - death yak
Aim: a death yak (moderately wounded)
The stone arrow hits the death yak.
The death yak is heavily wounded.
The death yak gores you!!
* * * LOW HITPOINT WARNING * * *
Casting: Stone Arrow
Confirm with . or Enter, or press ? or * to list all spells.
Aiming: Stone Arrow
Press: ? - help, Shift-Dir - straight line, f/p - death yak
Aim: a death yak (heavily wounded)
The stone arrow hits the death yak.
The death yak is heavily wounded.
The death yak gores you!!
You die...

.+..#.#..# ##...P# ####
#.. .....#### ##..## #..
...### #..# ####..
#.....#### #..## ##.#...
.........##..P# #..#...
........##....# ##.....
........####..######......
........###..#.##.##......
........Y@......#.##P.....
........###.......##......
........##....#(..........
........####.#####..#.....
.#P.#..## #..# ###.#..#.
###..# ##.# ###.##. ###
... #P...P. . ##.....
.......


You could see a death yak.

Vanquished Creatures
  The ghost of rogsnak the Fighter, a journeyman NaHu of Cheibriados (D:10)
  Harold (D:10)
  6 hydras
  A death knight (D:13)
  2 two-headed ogres (D:9)
  7 death yaks (Lair:4)
  An unseen horror (D:10)
  A wizard (D:13)
  A necromancer (IceCv)
  Maurice (D:8)
  4 oklob plants (Lair:4)
  An ugly thing (D:11)
  4 elephants (Lair:3)
  3 ice statues (IceCv)
  Psyche (D:9)
  2 torpor snails
  A black mamba (Lair:5)
  5 spiny frogs
  A freezing wraith (D:11)
  5 komodo dragons
  9 ice devils (IceCv)
  A troll (D:12)
  2 hornets
  9 hippogriffs
  Prince Ribbit (D:6)
  9 blink frogs
  A dream sheep (Lair:4)
  Sigmund (D:6)
  2 shadows
  3 wyverns (D:11)
  Eustachio (D:6)
  4 basilisks
  27 yaks
  A wraith (D:10)
  3 hungry ghosts
  3 nagas (Lair:4)
  The ghost of Jeffwins the Digger, an amateur OpEE (D:4)
  4 water moccasins
  2 acid dragons (D:11)
  12 porcupines
  4 sky beasts
  4 ice beasts
  3 phantoms
  9 orc warriors
  A black bear (D:11)
  An eye of draining (D:11)
  A necrophage (D:9)
  5 ogres
  7 centaurs
  12 crocodiles
  2 big kobolds (D:8)
  14 bullfrogs
  2 gnoll sergeants
  5 jellies
  A water moccasin zombie (D:10)
  A water moccasin skeleton (D:5)
  5 scorpions
  4 killer bees (D:10)
  A howler monkey (D:6)
  A centaur zombie (D:5)
  6 crimson imps
  3 bullfrog zombies
  12 orc priests
  15 orc wizards
  2 centaur skeletons
  6 hounds
  An iguana (D:5)
  Natasha (thrice) (D:2)
  11 worker ants
  2 spriggan simulacra (IceCv)
  2 troll simulacra (IceCv)
  4 hound skeletons
  A hound zombie (D:5)
  A howler monkey zombie (D:7)
  9 gnolls
  3 worker ant zombies
  4 naga simulacra (IceCv)
  2 ogre simulacra (IceCv)
  12 adders
  5 shadow imps
  12 white imps (D:13)
  2 oozes (D:1)
  2 adder skeletons
  3 worms
  4 dart slugs
  4 leopard geckos
  56 orcs
  9 bats
  7 giant cockroaches
  6 goblins
  5 hobgoblins
  9 jackals
  14 kobolds
  4 quokkas
  A ball python (D:5)
  9 frilled lizards
  A giant cockroach zombie (D:5)
  4 leopard gecko skeletons
  A quokka zombie (D:8)
  4 rats
  A fungus (Lair:5)
  2 plants
492 creatures vanquished.

Vanquished Creatures (collateral kills)
  A basilisk (Lair:4)
  A plant (Lair:4)
2 creatures vanquished.

Vanquished Creatures (others)
  7 fungi
  9 plants (Lair:4)
16 creatures vanquished.

Grand Total: 510 creatures vanquished

Notes
Turn   | Place    | Note
-------+----------+-------------------------------------------
     0 | D:1      | Jeffwins the Octopode Earth Elementalist began the quest for the Orb.
     0 | D:1      | Reached XP level 1. HP: 11/11 MP: 3/3
    81 | D:1      | Reached XP level 2. HP: 11/17 MP: 5/5
   395 | D:1      | Reached XP level 3. HP: 15/21 MP: 7/7
   806 | D:2      | Noticed Natasha
   809 | D:2      | Killed Natasha
   809 | D:2      | Reached skill level 4 in Earth Magic
   809 | D:2      | Reached XP level 4. HP: 21/27 MP: 5/8
  1539 | D:2      | Noticed Natasha
  1544 | D:2      | Killed Natasha
  1807 | D:2      | Noticed Natasha
  1813 | D:2      | Killed Natasha
  1813 | D:2      | Reached XP level 5. HP: 31/31 MP: 10/10
  1981 | D:3      | Learned a level 4 spell: Petrify
  1987 | D:3      | Learned a level 5 spell: Lee's Rapid Deconstruction
  2448 | D:3      | Noticed a sky beast
  2471 | D:3      | Killed a sky beast
  2471 | D:3      | Reached skill level 5 in Earth Magic
  2471 | D:3      | Reached XP level 6. HP: 19/36 MP: 12/12
  2476 | D:3      | Learned a level 3 spell: Stone Arrow
  3277 | D:4      | Reached skill level 1 in Conjurations
  3352 | D:4      | Noticed Jeffwins's ghost (amateur OpEE)
  3603 | D:4      | Reached XP level 7. HP: 37/41 MP: 13/13
  3650 | D:4      | Killed Jeffwins's ghost
  3650 | D:4      | Reached skill level 6 in Earth Magic
  4071 | D:5      | Entered Level 5 of the Dungeon
  4526 | D:5      | Reached XP level 8. HP: 36/46 MP: 15/15
  4563 | D:5      | Learned a level 2 spell: Blink
  4761 | D:5      | Reached skill level 5 in Spellcasting
  4961 | D:5      | Reached skill level 7 in Earth Magic
  5044 | D:5      | Reached skill level 1 in Translocations
  5417 | D:6      | Noticed Eustachio
  5426 | D:6      | Killed Eustachio
  5656 | D:6      | Found an iron altar of Okawaru.
  5682 | D:6      | Reached XP level 9. HP: 32/51 MP: 17/17
  5875 | D:6      | Noticed Prince Ribbit
  5881 | D:6      | Killed Prince Ribbit
  5881 | D:6      | Reached skill level 8 in Earth Magic
  6266 | D:6      | Noticed Sigmund
  6271 | D:6      | Killed Sigmund
  6425 | D:7      | Found a staircase to the Ecumenical Temple.
  6444 | Temple   | Entered the Ecumenical Temple
  6661 | Temple   | Became a worshipper of Sif Muna the Loreminder
  7374 | D:7      | Reached skill level 5 in Transmutations
  7541 | D:7      | Reached * piety under Sif Muna
  7541 | D:7      | Reached skill level 5 in Conjurations
  7653 | D:7      | Reached skill level 9 in Earth Magic
  7670 | D:7      | Reached XP level 10. HP: 56/56 MP: 4/19
  8750 | D:8      | Noticed Maurice
  8756 | D:8      | Killed Maurice
  9004 | D:8      | Found a hazy altar of Hepliaklqana.
  9535 | D:8      | Found a shattered altar of Ashenzari.
  9755 | D:8      | Reached ** piety under Sif Muna
 10076 | D:8      | Found a shattered altar of Ashenzari.
 10662 | D:9      | Reached skill level 10 in Earth Magic
 10721 | D:9      | Noticed Psyche
 10723 | D:9      | Killed Psyche
 10723 | D:9      | Reached skill level 1 in Fighting
 10723 | D:9      | Reached skill level 1 in Invocations
 10726 | D:9      | Noticed a two-headed ogre
 10738 | D:9      | Noticed a two-headed ogre
 10740 | D:9      | Killed a two-headed ogre
 10740 | D:9      | Reached skill level 1 in Shields
 11064 | D:9      | Found a glowing silver altar of Zin.
 11143 | D:8      | Found a glowing golden altar of the Shining One.
 11297 | D:9      | Reached XP level 11. HP: 64/64 MP: 21/21
 11492 | D:10     | Entered Level 10 of the Dungeon
 11571 | D:10     | You fall through a shaft for 3 floors!
 11576 | D:13     | Noticed a cyclops
 11586 | D:13     | Noticed an orc knight
 11602 | D:13     | Found a frozen archway.
 11846 | D:13     | Noticed a death knight
 11865 | D:13     | Killed a death knight
 11865 | D:13     | Reached *** piety under Sif Muna
 12019 | D:13     | Noticed a wizard
 12023 | D:13     | Killed a wizard
 12023 | D:13     | Reached skill level 1 in Evocations
 12471 | D:12     | Found a shattered altar of Ashenzari.
 12768 | D:11     | Found a frozen archway.
 12879 | IceCv    | Entered an ice cave
 13035 | IceCv    | Reached skill level 1 in Short Blades
 14338 | IceCv    | Noticed a necromancer
 14339 | IceCv    | Killed a necromancer
 14339 | IceCv    | Reached skill level 5 in Stealth
 14385 | IceCv    | Reached XP level 12. HP: 72/72 MP: 16/23
 14386 | IceCv    | Got an ancient battleaxe {freeze}
 14405 | IceCv    | Identified the cursed +2 battleaxe "Lorphouq" {freeze, Str+3} (You took it off a necromancer in an ice cave)
 14707 | IceCv    | Learned a level 4 spell: Animate Dead
 14941 | D:11     | Reached **** piety under Sif Muna
 15069 | D:11     | Reached skill level 11 in Earth Magic
 15425 | D:10     | Reached skill level 1 in Necromancy
 16011 | D:9      | Killed a two-headed ogre
 16083 | D:10     | Noticed rogsnak's ghost (journeyman NaHu)
 16445 | D:10     | Killed rogsnak's ghost
 16693 | D:10     | Found a staircase to the Orcish Mines.
 16972 | D:10     | Noticed Harold
 16983 | D:10     | Killed Harold
 16998 | D:10     | Found Regig's Food Emporium.
 17528 | D:11     | Noticed a death knight
 18768 | D:11     | Reached skill level 5 in Dodging
 18843 | D:11     | Found a staircase to the Lair.
 18848 | Lair:1   | Entered Level 1 of the Lair of Beasts
 18869 | Lair:1   | Noticed a six-headed hydra
 18876 | Lair:1   | Killed a six-headed hydra
 18972 | Lair:1   | Reached ***** piety under Sif Muna
 18972 | Lair:1   | Received a gift from Sif Muna
 19162 | Lair:1   | Reached XP level 13. HP: 81/81 MP: 25/25
 20346 | Lair:2   | Found a staircase to the Shoals.
 20952 | Lair:1   | Learned a level 6 spell: Bolt of Fire
 21307 | Lair:3   | Reached skill level 5 in Invocations
 22698 | Lair:4   | Reached skill level 5 in Shields
 22743 | Lair:4   | Reached skill level 1 in Fire Magic
 23021 | Lair:4   | Reached skill level 12 in Earth Magic
 23630 | Lair:4   | Reached skill level 5 in Fighting
 23694 | Lair:4   | Reached skill level 5 in Evocations
 23893 | Lair:4   | Found a staircase to the Snake Pit.
 23904 | Lair:4   | Reached XP level 14. HP: 87/88 MP: 7/26
 24312 | Lair:4   | Upgraded the game from 0.21-a0-203-gb066a6e to 0.21-a0-207-g4a9efaf
 25210 | Lair:5   | Reached skill level 5 in Short Blades
 25521 | Lair:5   | Identified Sif Muna's Almanac of the Mutagenic Snowflakes (Sif Muna gifted it to you on level 5 of the Lair of Beasts)
 25521 | Lair:5   | Received a gift from Sif Muna
 25658 | Lair:5   | Slain by a death yak

Vault maps used:
D:1:      dpeg_arrival_radiant
D:2:      uniq_natasha
D:3:      serial_bayou_lagoon_a, minmay_checkerbox
D:4:      first_bread, hangedman_abyss_or_decor_stabs
D:6:      lemuel_coloured_pillars_altar, uniq_eustachio, uniq_prince_ribbit1,
          uniq_sigmund
D:7:      old_forge, temple_fountains
D:8:      lemuel_upstairs_altar, lemuel_crystal_altar, marbit_many_paths,
          basic_altar, blue_anna_alchemist, uniq_maurice
D:9:      kennysheep_little_box, uniq_psyche
D:10:     david_orc_4, serial_shops, nicolae_shop_waterfront, uniq_harold
D:11:     erik_lair_dragon, portal_ice_cave_entry_pillars_1, uniq_urug
D:12:     serial_shops, shop, basic_altar, ashenzari_altar_1
D:13:     minmay_smoke_and_mirrors, hangedman_vaults_entry_quadrant_bands,
          serial_ice, serial_ice_b, serial_ice_a, serial_ice_k, serial_ice_n,
          serial_ice_g, serial_ice_c, portal_ice_cave_entry_imps, special_room
Temple:   dpeg_five_rooms_temple
Lair:1:   st_stairs_7, grunt_megastairs_4, infiniplex_staircase_pool
Lair:2:   minmay_shoals_entry_centaurs
Lair:4:   guppyfry_snake_entry_island, beast_lair_carwin_2,
          minmay_lair_oklob_chamber
IceCv:    ice_cave_tombish

Skill      XL: |  1  2  3  4  5  6  7  8  9 10 11 12 13 14 |
---------------+-------------------------------------------+-----
Spellcasting   | 3 4 5 6 7 8 |  8.8
Earth Magic    | 4 5 6 7 9 10 11 12 | 12.3
Conjurations   | 1 2 3 5 6 7 8 |  8.2
Transmutations | 2 3 4 5 6 7 8 |  8.3
Translocations | 2 3 |  3.6
Fighting       | 1 3 4 5 |  5.2
Invocations    | 1 3 4 5 6 |  6.0
Shields        | 1 3 4 5 |  5.5
Dodging        | 4 5 6 |  6.3
Stealth        | 5 6 7 8 |  8.0
Evocations     | 2 4 5 |  5.3
Short Blades   | 2 3 4 5 |  5.1
Necromancy     | 2 3 4 |  4.1
Fire Magic     | 1 2 |  2.2

Action                   |  1- 3 |  4- 6 |  7- 9 | 10-12 | 13-15 || total
-------------------------+-------+-------+-------+-------+-------++-------
Melee: Unarmed           |    21 |       |       |       |       ||    21
       Constrict         |    12 |    22 |    29 |    31 |     7 ||   101
       Tentacles         |    10 |    11 |    26 |    19 |    13 ||    79
       Mace              |    26 |    97 |    77 |    11 |       ||   211
       Long sword        |       |       |    11 |       |       ||    11
       Short sword       |       |       |       |   108 |    68 ||   176
Throw: Stone             |       |       |       |       |     1 ||     1
 Cast: Sandblast         |    13 |    27 |    24 |    15 |       ||    79
       Stone Arrow       |       |       |   105 |   411 |   224 ||   740
       Lee's Rapid Decon |       |       |     5 |    36 |    46 ||    87
       Petrify           |       |       |       |    11 |    29 ||    40
       Blink             |       |       |       |     6 |     2 ||     8
       Animate Dead      |       |       |       |       |     5 ||     5
Invok: Channel Magic     |       |       |       |     1 |     3 ||     4
Evoke: Wand              |       |       |       |    11 |     6 ||    17
       Phial of floods   |       |       |       |       |     1 ||     1
  Use: Scroll            |       |     8 |       |    21 |     4 ||    33
       Potion            |       |     1 |       |     8 |       ||     9
 Stab: Sleeping          |     4 |    14 |     1 |     4 |     4 ||    27
       Petrified         |       |       |       |    13 |    37 ||    50
       Distracted        |       |       |       |     1 |       ||     1
  Eat: Chunk             |       |     8 |    18 |    51 |    31 ||   108
       Fruit             |       |       |     1 |     5 |       ||     6
Armor: Skin              |     5 |     5 |     7 |    14 |     9 ||    40
Dodge: Dodged            |    29 |    68 |   108 |   105 |    65 ||   375
Block: Buckler           |       |       |       |    18 |    30 ||    48
       Rpst.: Long sword |       |       |     2 |       |       ||     2
